 Dungeon Crawl Stone Soup version 0.23.2-33-g5129a83184 (webtiles) character file.

Game seed: 8471891048147129782

118 Kold the Insei (level 5, 0/33 HPs)
             Began as an Octopode Transmuter on July 20, 2019.
             Slain by an orc
             ... wielding a +0 short sword
              (3 damage)
             ... on level 2 of the Dungeon.
             The game lasted 00:04:08 (2825 turns).

Kold the Insei (Octopode Transmuter)                Turns: 2825, Time: 00:04:09

Health: 0/33       AC:  1    Str: 10    XL:     5   Next: 2%
Magic:  9/9        EV: 14    Int: 15    God:
Gold:   89         SH:  0    Dex: 13    Spells: 5/9 levels left

rFire    + . .     SeeInvis .     - Unarmed
rCold    . . .     Gourm    .   (no shield)
rNeg     . . .     Faith    .   (helmet restricted)
rPois    .         Spirit   .   (no amulet)
rElec    .         Reflect  .   j - ring of protection from fire
rCorr    .         Harm     .   (no ring)
MR       .....                  (no ring)
Stlth    +++.......             (no ring)
HPRegen  0.11/turn              (no ring)
MPRegen  0.11/turn              (no ring)
                                (no ring)
                                (no ring)

@: no status effects
A: almost no armour, stealthy swim, amphibious, 8 rings, constrict 8, camouflage
1, gelatinous body 1
a: no special abilities


You were on level 2 of the Dungeon.
You were not hungry.

You visited 1 branch of the dungeon, and saw 3 of its levels.

You collected 89 gold pieces.

Inventory:

Missiles
 a - 32 arrows
Jewellery
 j - a ring of protection from fire (left tentacle)
Wands
 o - a wand of disintegration (7)
Scrolls
 b - 2 scrolls of magic mapping {unknown}
 d - 3 scrolls of identify {unknown}
 i - a scroll of fog {unknown}
 k - 2 scrolls of teleportation {unknown}
 l - a scroll of enchant armour {unknown}
Potions
 e - a potion of might
 f - a potion of degeneration {unknown}
 g - a potion of invisibility
 m - a potion of lignification {unknown}
 n - a potion of haste {unknown}
Comestibles
 c - 4 rations
 h - 4 chunks of flesh


   Skills:
 - Level 1.0 Fighting
 + Level 2.8 Dodging
 + Level 2.7 Stealth
 + Level 3.6 Unarmed Combat
 + Level 2.6 Spellcasting
 + Level 2.8 Transmutations


You had 5 spell levels left.
You knew the following spells:

 Your Spells              Type           Power        Failure   Level  Hunger
a - Beastly Appendage     Tmut           ##....       7%          1    #......
b - Spider Form           Tmut/Pois      #.........   34%         3    ###....

Your spell library contained the following spells:

 Spells                   Type           Power        Failure   Level  Hunger
 Sticks to Snakes         Tmut           ##......     10%         2    ##.....
 Ice Form                 Ice/Tmut       #.......     75%         4    #####..
 Blade Hands              Tmut           ##........   88%         5    ######.


Dungeon Overview and Level Annotations

Branches:
Dungeon (3/15)

Altars:
Xom


Innate Abilities, Weirdness & Mutations

You cannot wear most types of armour.
You are very stealthy in the water. (Stealth+)
You are amphibious.
You can wear up to eight rings at the same time.
You can use your tentacles to constrict eight enemies at once.
Your skin changes colour to match your surroundings (Stealth+).
Your rubbery body absorbs attacks. (AC +1, EV +1)


Message History

There is a stone staircase leading down, spattered with blood here.
You climb downwards.
The orc misses you.
The orc hits you with a +0 short sword. x3; The orc barely misses you.
There is a stone staircase leading up here.
The orc barely misses you. The orc hits you with a +0 short sword.
The orc hits you with a +0 falchion.
You climb upwards.
There is a stone staircase leading down, spattered with blood here.
You tentacle-slap the orc but do no damage.
You grab the orc. You constrict the orc.
The orc hits you with a +0 short sword.
* * * LOW HITPOINT WARNING * * *
The orc hits you with a +0 short sword.
* * * LOW HITPOINT WARNING * * *
The orc hits you but does no damage.
You tentacle-slap the orc. Your squeeze misses the orc.
The orc is heavily wounded.
You constrict the orc. The orc completely misses you.
The orc hits you with a +0 short sword.
You die...

# #.# #^##.###..... ###
#.####.##......... ..#
#.##.......##.###. ..#######
#.##...#...##.# ## ........#
##.#...#.#).##.#
......#.#######.....#._.#....#
..###...............[#.#...###
#.# ###########oo.#...#....#
#.# ##@##.......## #.#
#o##.##..### #.# #.##.###.#
#.# #.....##.# #.# ####..##.#
#.# ############..##.# #.#
#..........#..##.# # ..#
#.########.#.)##.# ## ### #.#
###.......##.########.


You could see 3 orcs.

Vanquished Creatures
  2 gnolls (D:2)
  3 adders (D:2)
  An ooze (D:2)
  2 worms (D:2)
  2 dart slugs
  An orc (D:2)
  A ball python (D:1)
  4 giant cockroaches
  9 hobgoblins
  3 jackals (D:1)
  2 quokkas (D:2)
  5 bats
  4 frilled lizards
  5 goblins
  6 kobolds
  7 rats
57 creatures vanquished.

Notes
Turn   | Place    | Note
-------+----------+-------------------------------------------
     0 | D:1      | Kold the Octopode Transmuter began the quest for the Orb.
     0 | D:1      | Reached XP level 1. HP: 13/13 MP: 3/3
   443 | D:1      | Reached XP level 2. HP: 10/18 MP: 3/5
   451 | D:1      | Reached skill level 1 in Stealth
  1099 | D:1      | Reached XP level 3. HP: 16/23 MP: 4/6
  1660 | D:2      | Learned a level 3 spell: Spider Form
  1664 | D:2      | Found a shimmering altar of Xom.
  1664 | D:2      | Found a shimmering altar of Xom.
  1664 | D:2      | Found a shimmering altar of Xom.
  1696 | D:2      | Reached XP level 4. HP: 12/28 MP: 5/7
  1987 | D:2      | Found a shimmering altar of Xom.
  1988 | D:2      | Found a shimmering altar of Xom.
  1989 | D:2      | Found a shimmering altar of Xom.
  1989 | D:2      | Found a shimmering altar of Xom.
  2082 | D:2      | HP: 1/28 [quokka (2)]
  2488 | D:2      | Found a faded altar of an unknown god.
  2805 | D:3      | Reached XP level 5. HP: 32/33 MP: 6/8
  2825 | D:2      | Slain by an orc

Skill      XL: |  1  2  3 |
---------------+----------+-----
Stealth        | 1 2 |  2.7
Fighting       | |  1.0
Dodging        | |  2.8
Unarmed Combat | |  3.6
Spellcasting   | |  2.6
Transmutations | |  2.8

Action                   |  1- 3 |  4- 6 || total
-------------------------+-------+-------++-------
Melee: Unarmed           |    81 |    41 ||   122
       Kick              |    15 |    10 ||    25
       Constrict         |    22 |    14 ||    36
       Tentacles         |     8 |     2 ||    10
       Punch             |       |     2 ||     2
 Cast: Beastly Appendage |    22 |     5 ||    27
  Use: Potion            |       |     2 ||     2
 Stab: Sleeping          |     7 |     1 ||     8
  Eat: Chunk             |     3 |     3 ||     6
Armor: Skin              |     3 |     2 ||     5
Dodge: Dodged            |    48 |    28 ||    76
